[Event "Titled Tuesday Blitz August 23 Late 2022"]
[White "Baches Garcia, Guillermo"]
[Black "Dubov, Daniil"]
[WhiteFideId "2209764"]
[BlackFideId "24126055"]
[WhiteElo "2514"]
[BlackElo "2791"]
[Result "0-1"]
[Round "01"]
[TimeControl "180+1"]
[Date "2022.08.23"]
[WhiteClock "0:00:02"]
[BlackClock "0:00:32"]

1. e4 c5 2. Nf3 e6 3. c4 Nc6 4. d4 cxd4 5. Nxd4 Nf6 6. Nc3 Bb4 7. Nxc6 bxc6 8. Bd3 e5 9. O-O O-O 10. Qe2 Re8 11. Na4 d5 12. cxd5 cxd5 13. Bg5 h6 14. Bxf6 Qxf6 15. a3 Bd6 16. Nc3 Bb7 17. Rac1 Rad8 18. Rfd1 d4 19. Nb5 Bb8 20. Nc7 Re7 21. Na6 Bd6 22. Nc5 Bc8 23. b4 Qg5 24. Kh1 h5 25. Qd2 Qg6 26. f3 h4 27. h3 Rc7 28. Rc2 a5 29. Qe2 axb4 30. axb4 Ra7 31. Bc4 Ra3 32. Rd3 Ra1+ 33. Rd1 Ra3 34. Rd3 Ra7 35. Ra2 Rc7 36. Ra5 Qg3 37. Qf1 Rc6 38. Bd5 Rb6 39. Rb3 Bxc5 40. Rxc5 Be6 41. b5 Bxd5 42. exd5 e4 43. Rc6 Rb7 44. b6 e3 45. Rc7 Rxc7 46. bxc7 Qxc7 47. Rb5 Qc2 48. Qb1 d3 0-1


[Site "https://www.chess.com"]

[Event "Titled Tuesday Blitz August 23 Late 2022"]
[White "Beerdsen, Thomas"]
[Black "Mendez Fortes, Eduardo Jesus"]
[WhiteFideId "1030108"]
[BlackFideId "3502376"]
[WhiteElo "2567"]
[BlackElo "2307"]
[Result "1-0"]
[Round "01"]
[TimeControl "180+1"]
[Date "2022.08.23"]
[WhiteClock "0:01:46"]
[BlackClock "0:00:14"]

1. e4 e5 2. Nf3 Nc6 3. d4 exd4 4. Bc4 Nf6 5. O-O Nxe4 6. Nc3 Nxc3 7. bxc3 d5 8. Bb5 Be7 9. Ne5 Bd7 10. Bxc6 bxc6 11. cxd4 O-O 12. a4 Bd6 13. Ba3 Re8 14. Re1 f6 15. Nd3 Bf5 16. Nc5 Rxe1+ 17. Qxe1 Qe7 18. Qb4 Re8 19. h3 Bxc2 20. a5 Qe2 21. Qc3 Bd1 22. Nd3 Qc2 23. Qxc2 Bxc2 24. Bxd6 Bxd3 25. Bxc7 a6 26. Bb6 Bb5 27. Ra3 Kf7 28. Rg3 g5 29. Rf3 Kg6 30. h4 gxh4 31. Rf4 Re4 32. Rf3 h5 33. Kh2 Be2 34. Rc3 Bb5 35. Rf3 f5 36. Rc3 f4 37. Rf3 Kf5 38. Rh3 Kg4 39. f3+ Kf5 40. fxe4+ dxe4 41. Rxh4 e3 42. Bc7 Ke4 43. Bxf4 e2 44. Bg3+ Kf5 45. Rxh5+ Kg4 46. d5 1-0


[Site "https://www.chess.com"]

[Event "Titled Tuesday Blitz August 23 Late 2022"]
[White "Carlsen, Magnus"]
[Black "Goncalves, Davi Sulzbacher"]
[WhiteFideId "1503014"]
[BlackFideId "2154510"]
[WhiteElo "2830"]
[BlackElo "2107"]
[Result "1-0"]
[Round "01"]
[TimeControl "180+1"]
[Date "2022.08.23"]
[WhiteClock "0:01:16"]
[BlackClock "0:00:01"]

1. b4 d5 2. Bb2 Nf6 3. e3 g6 4. c4 c6 5. Nf3 Bg7 6. Be2 O-O 7. O-O a5 8. b5 Nbd7 9. Nc3 Nb6 10. c5 Nc4 11. Bxc4 dxc4 12. bxc6 bxc6 13. Ne5 Be6 14. Nxc6 Qc7 15. Nd4 Bg4 16. f3 Bd7 17. Ba3 Rab8 18. Rb1 Rxb1 19. Qxb1 Rb8 20. Qc2 e5 21. Nde2 Bf5 22. e4 Be6 23. Rb1 Bf8 24. Rxb8 Qxb8 25. Na4 Nd7 26. Nec3 Qc8 27. Nd5 Nxc5 28. Nab6 Qc6 29. Qxc4 Qxb6 30. Nxb6 Bxc4 31. Nxc4 a4 32. Nxe5 f6 33. Nc4 Kf7 34. d4 Nd3 35. Bxf8 Kxf8 36. a3 Nf4 37. Kf2 Ne6 38. Ke3 1-0


[Site "https://www.chess.com"]

[Event "Titled Tuesday Blitz August 23 Late 2022"]
[White "Caruana, Fabiano"]
[Black "Dauner, Benedikt"]
[WhiteFideId "2020009"]
[BlackFideId "16225899"]
[WhiteElo "2847"]
[BlackElo "2256"]
[Result "1-0"]
[Round "01"]
[TimeControl "180+1"]
[Date "2022.08.23"]
[WhiteClock "0:00:58"]
[BlackClock "0:00:14"]

1. d4 d5 2. Nf3 Nf6 3. Bf4 Nc6 4. e3 e6 5. Nbd2 Bd6 6. c3 O-O 7. Bd3 Qe7 8. Ne5 Nd7 9. Ndf3 f6 10. Nxc6 bxc6 11. Bg3 e5 12. Be2 Rb8 13. b4 Nb6 14. O-O Bg4 15. h3 Bxf3 16. Bxf3 e4 17. Be2 Bxg3 18. fxg3 Qd6 19. g4 Rf7 20. a4 Rbf8 21. a5 Nc8 22. Qd2 Qg3 23. Ba6 Nd6 24. Qf2 Qxf2+ 25. Rxf2 f5 26. gxf5 Rxf5 27. Rxf5 Rxf5 28. Rc1 Rf8 29. c4 Rb8 30. cxd5 cxd5 31. Rxc7 Rxb4 32. Rxa7 Ra4 33. Be2 Nf5 34. a6 Nxe3 35. Rb7 Nc4 36. a7 1-0


[Site "https://www.chess.com"]

[Event "Titled Tuesday Blitz August 23 Late 2022"]
[White "Chigaev, Maksim"]
[Black "Reprintsev, Alexander"]
[WhiteFideId "4108116"]
[BlackFideId "14100541"]
[WhiteElo "2487"]
[BlackElo "2108"]
[Result "1-0"]
[Round "01"]
[TimeControl "180+1"]
[Date "2022.08.23"]
[WhiteClock "0:00:07"]
[BlackClock "0:00:13"]

1. e4 d5 2. exd5 Qxd5 3. Nc3 Qa5 4. Nf3 Nf6 5. d4 Nc6 6. Bb5 Ne4 7. O-O Nxc3 8. Bxc6+ bxc6 9. bxc3 Bf5 10. c4 e6 11. Ne5 Qa4 12. c3 Qxd1 13. Rxd1 c5 14. Ba3 cxd4 15. Bxf8 Kxf8 16. cxd4 f6 17. Nc6 a5 18. Rac1 Ra6 19. d5 Kf7 20. Nd4 Rb8 21. f3 c5 22. dxc6 Bg6 23. c7 Rc8 24. Nb5 Ke7 25. a4 Be8 26. c5 Rc6 27. Rd6 Rxc5 28. Rxc5 Bxb5 29. Rd8 Rxc7 30. Rxc7+ Kxd8 31. Rxg7 Bxa4 32. Ra7 Bc2 33. Rxa5 Ke7 34. Kf2 Kf7 35. Ke3 Kg6 36. g4 Bb3 37. h4 Bd5 38. f4 h5 39. f5+ Kh6 40. gxh5 Bc4 41. Kd4 Bb3 42. Rb5 Ba2 43. Rb2 e5+ 44. Ke4 Bf7 45. Rb6 Kg7 46. h6+ Kxh6 47. Rxf6+ Kg7 48. Kxe5 1-0


[Site "https://www.chess.com"]

[Event "Titled Tuesday Blitz August 23 Late 2022"]
[White "Claridge-Hansen, William"]
[Black "Bortnyk, Olexandr"]
[WhiteFideId "422509"]
[BlackFideId "14120828"]
[WhiteElo "2261"]
[BlackElo "2723"]
[Result "0-1"]
[Round "01"]
[TimeControl "180+1"]
[Date "2022.08.23"]
[WhiteClock "0:00:55"]
[BlackClock "0:01:43"]

1. d4 d6 2. Bg5 Nd7 3. e3 Ngf6 4. Nf3 e5 5. c4 Be7 6. Nc3 O-O 7. Be2 b6 8. O-O Bb7 9. Rc1 Ne4 10. Bxe7 Qxe7 11. Nxe4 Bxe4 12. Nd2 Bb7 13. Bf3 e4 14. Be2 f5 15. Nb3 c5 16. Qd2 Rad8 17. Rcd1 Qg5 18. dxc5 Ne5 19. Nd4 dxc5 20. Ne6 Rxd2 21. Rxd2 Qe7 22. Nxf8 Kxf8 23. Rfd1 Bc6 24. b3 g6 25. Rd6 Kg7 26. g3 h5 27. h4 Kh6 28. R1d2 Bb7 29. Rd1 Nd3 30. Bxd3 Qxd6 31. Bc2 Qe5 0-1


[Site "https://www.chess.com"]

[Event "Titled Tuesday Blitz August 23 Late 2022"]
[White "D`Arruda, Ricardo D."]
[Black "Ibrahimli, Murad"]
[WhiteFideId "100692"]
[BlackFideId "13410229"]
[WhiteElo "2503"]
[BlackElo "2109"]
[Result "0-1"]
[Round "01"]
[TimeControl "180+1"]
[Date "2022.08.23"]
[WhiteClock "0:00:03"]
[BlackClock "0:00:12"]

1. Nf3 Nf6 2. d4 d5 3. c4 dxc4 4. e3 Bg4 5. Bxc4 e6 6. Qb3 Bxf3 7. gxf3 Qc8 8. Nc3 Nbd7 9. O-O Be7 10. f4 c6 11. f5 b5 12. Bd3 exf5 13. Bxf5 b4 14. Ne4 Nxe4 15. Bxe4 Nf6 16. Bg2 Qd7 17. e4 O-O-O 18. Qxf7 Rhf8 19. Qc4 Nh5 20. Be3 Nf4 21. Bxf4 Rxf4 22. Rac1 c5 23. Rfd1 Rg4 24. f3 Rg6 25. dxc5 Qxd1+ 26. Rxd1 Rxd1+ 27. Kf2 Rd2+ 28. Ke3 Rgxg2 29. Qe6+ Kd8 30. Qg8+ Kd7 31. c6+ Kxc6 32. Qe8+ Kd6 33. f4 Ke6 34. Qg8+ Kd7 35. Qf7 Rxh2 36. Qf5+ Kd8 37. Qa5+ Ke8 38. Qb5+ Kf8 39. Qf5+ Ke8 40. Qc8+ Rd8 41. Qc6+ Kf8 42. e5 Rxb2 43. f5 Bg5+ 44. Kf3 Rbd2 45. Qc5+ Be7 46. Qc7 R2d3+ 47. Ke2 R3d5 48. Ke3 a5 49. Ke4 Rd4+ 50. Ke3 Rd3+ 51. Ke2 a4 52. Qc6 R3d5 0-1


[Site "https://www.chess.com"]

[Event "Titled Tuesday Blitz August 23 Late 2022"]
[White "Golubev, Mikhail"]
[Black "Theodorou, Nikolas"]
[WhiteFideId "14100983"]
[BlackFideId "4262875"]
[WhiteElo "2374"]
[BlackElo "2484"]
[Result "0-1"]
[Round "01"]
[TimeControl "180+1"]
[Date "2022.08.23"]
[WhiteClock "0:00:02"]
[BlackClock "0:01:28"]

1. e4 c5 2. Nf3 Nc6 3. Nc3 g6 4. d4 cxd4 5. Nxd4 Bg7 6. Be3 d6 7. f3 Nf6 8. Qd2 O-O 9. O-O-O Qa5 10. Nb3 Qc7 11. g4 a5 12. a4 Nb4 13. Nd4 Be6 14. Kb1 Rac8 15. g5 Nd7 16. Ncb5 Qd8 17. c3 Na6 18. Nxe6 fxe6 19. Bh3 Ndc5 20. f4 Kh8 21. Qc2 Rc6 22. Nd4 Qc8 23. Nxc6 Qxc6 24. Bd4 b5 25. axb5 Qxb5 26. Bf1 Qb7 27. Bxa6 Nxa6 28. Bxg7+ Kxg7 29. Rd4 Rb8 30. Ka1 Nc5 31. Ka2 Qb5 32. Re1 Nb3 33. Rdd1 Qa4+ 0-1


[Site "https://www.chess.com"]

[Event "Titled Tuesday Blitz August 23 Late 2022"]
[White "Hansen, Eric"]
[Black "Bodnar, Nikolay"]
[WhiteFideId "2606771"]
[BlackFideId "14106469"]
[WhiteElo "2568"]
[BlackElo "2283"]
[Result "1-0"]
[Round "01"]
[TimeControl "180+1"]
[Date "2022.08.23"]
[WhiteClock "0:01:34"]
[BlackClock "0:00:04"]

1. Nf3 d5 2. g3 Bg4 3. Bg2 Nd7 4. h3 Bh5 5. d3 c6 6. O-O Ngf6 7. c4 Bxf3 8. exf3 e6 9. f4 g6 10. Nc3 Bg7 11. g4 O-O 12. Re1 a6 13. f5 exf5 14. gxf5 d4 15. Ne2 Ne8 16. Qb3 Qa5 17. Bf4 Nc5 18. Qc2 Rd8 19. Ng3 Nd6 20. Bd2 Qc7 21. b4 Nd7 22. Bf4 c5 23. Ne4 Be5 24. Bxe5 Nxe5 25. Nf6+ Kg7 26. Nd5 Qb8 27. f6+ Kh8 28. Rxe5 Nxc4 29. Re7 Nd6 30. Qxc5 Nf5 31. Rae1 Rc8 32. Rc7 b6 33. Qc6 Rxc7 34. Qxc7 h5 35. Qxb8 Rxb8 36. Ne7 a5 37. Nxf5 gxf5 38. bxa5 bxa5 39. Re5 Rb1+ 40. Bf1 Rb2 41. Rxa5 1-0


[Site "https://www.chess.com"]

[Event "Titled Tuesday Blitz August 23 Late 2022"]
[White "Hollan, Petr"]
[Black "Deac, Bogdan-Daniel"]
[WhiteFideId "360945"]
[BlackFideId "1226380"]
[WhiteElo "2284"]
[BlackElo "2648"]
[Result "0-1"]
[Round "01"]
[TimeControl "180+1"]
[Date "2022.08.23"]
[WhiteClock "0:00:16"]
[BlackClock "0:00:05"]

1. e4 c6 2. d4 d5 3. Nc3 a6 4. Nf3 Bg4 5. h3 Bh5 6. e5 e6 7. Be3 Nd7 8. Ne2 Bxf3 9. gxf3 c5 10. c3 Ne7 11. Ng3 Qb6 12. Qd2 Nc6 13. a3 cxd4 14. cxd4 Qa5 15. Qxa5 Nxa5 16. Rc1 Nb6 17. Rc7 Rc8 18. Rxc8+ Nxc8 19. Bd3 g6 20. Ke2 Nb6 21. Rc1 Kd7 22. Nf1 Nac4 23. Rc2 Be7 24. Nd2 Rc8 25. Nxc4 dxc4 26. Be4 Nd5 27. Bd2 b5 28. Rc1 Bd8 29. h4 h5 30. Bg5 Bxg5 31. hxg5 a5 32. Ra1 Nb6 33. Kd2 Nd5 34. Rc1 Rc7 35. Ke2 Rc8 36. Kd2 b4 37. axb4 axb4 38. Ra1 c3+ 39. bxc3 bxc3+ 40. Kc1 Nf4 41. Ra7+ Rc7 42. Ra8 Ne2+ 43. Kc2 Nxd4+ 44. Kc1 c2 45. Bxc2 Rxc2+ 46. Kd1 Rxf2 47. Ra4 Nxf3 48. Rf4 Ke7 49. Kc1 h4 0-1


[Site "https://www.chess.com"]

[Event "Titled Tuesday Blitz August 23 Late 2022"]
[White "Jaskolka, Tomasz"]
[Black "Makarian, Rudik"]
[WhiteFideId "1170791"]
[BlackFideId "44105681"]
[WhiteElo "2073"]
[BlackElo "2403"]
[Result "0-1"]
[Round "01"]
[TimeControl "180+1"]
[Date "2022.08.23"]
[WhiteClock "0:00:05"]
[BlackClock "0:02:07"]

1. d4 Nf6 2. c4 g6 3. g3 Bg7 4. Bg2 c5 5. d5 O-O 6. Nc3 e6 7. Nf3 exd5 8. cxd5 Re8 9. O-O d6 10. Re1 a6 11. a4 Nbd7 12. Bf4 Nh5 13. Bg5 Qc7 14. Qd2 Rb8 15. a5 b5 16. axb6 Nxb6 17. Qd3 Nf6 18. e4 Ng4 19. h3 Ne5 20. Nxe5 Bxe5 21. Kh2 c4 22. Qe3 Nd7 23. Re2 Bg7 24. Bh6 Qc5 25. Bxg7 Kxg7 26. Qg5 Ne5 27. h4 h6 28. Qd2 Bg4 29. Re3 Nd3 30. Rxa6 Rxb2 31. Rxd3 Rxd2 32. Rxd2 Rc8 33. f3 Bd7 34. Rda2 Qd4 35. Ne2 Qc5 36. Ra7 Bb5 37. Nf4 Kg8 38. Re7 c3 39. Raa7 c2 40. Rxf7 Qxa7 41. Rxa7 c1=Q 42. Nxg6 Rc2 43. Ne7+ Kf8 44. Ng6+ Ke8 45. Kh3 Rxg2 46. Kxg2 Qf1+ 47. Kh2 Qf2+ 48. Kh3 Qxf3 49. Nf4 Bf1+ 50. Kh2 Qf2+ 51. Kh1 Qxg3 52. Ra8+ Kd7 53. Ra7+ Kc8 54. Ra8+ Kb7 55. Rf8 Bd3 56. Rf7+ Kb6 57. Ne6 Bxe4+ 0-1


[Site "https://www.chess.com"]

[Event "Titled Tuesday Blitz August 23 Late 2022"]
[White "Jones, Gawain C B"]
[Black "Wachinger, Guenther"]
[WhiteFideId "409561"]
[BlackFideId "4604261"]
[WhiteElo "2657"]
[BlackElo "2212"]
[Result "1-0"]
[Round "01"]
[TimeControl "180+1"]
[Date "2022.08.23"]
[WhiteClock "0:00:40"]
[BlackClock "0:00:06"]

1. Nf3 d5 2. g3 e6 3. Bg2 Nf6 4. O-O Be7 5. c4 O-O 6. b3 a5 7. Bb2 a4 8. cxd5 exd5 9. bxa4 Bd7 10. Nc3 Nc6 11. d3 Nb4 12. a3 Na6 13. Ne5 Nc5 14. Nxd7 Qxd7 15. e4 d4 16. Ne2 Nxa4 17. Bxd4 Rfd8 18. Rb1 c6 19. Rb3 Nc5 20. Bxc5 Bxc5 21. Qc1 Bd4 22. Nxd4 Qxd4 23. Rxb7 Rxa3 24. Qxc6 Rxd3 25. Qc7 Qd7 26. Qxd7 R3xd7 27. Rxd7 Rxd7 28. e5 Ng4 29. Bh3 Rd4 30. Bxg4 Rxg4 31. f4 Rg6 32. Ra1 h5 33. Ra8+ Kh7 34. Ra7 Kg8 35. Ra8+ Kh7 36. Rf8 h4 37. Kf2 hxg3+ 38. hxg3 Ra6 39. Rxf7 Kg6 40. Rd7 Ra3 41. e6 Kf6 42. Rf7+ Kxe6 43. Rxg7 Kf6 44. Rg5 Rb3 45. Kg2 Rb8 46. Kh3 Rh8+ 47. Kg4 Rh1 48. Ra5 Rb1 49. Ra6+ Kf7 50. Kg5 Rb5+ 51. f5 Rb3 52. Ra7+ Kf8 53. g4 Rb6 54. f6 Rb8 55. Kg6 Kg8 56. Rg7+ Kh8 57. Rh7+ 1-0


[Site "https://www.chess.com"]

[Event "Titled Tuesday Blitz August 23 Late 2022"]
[White "Kamsky, Gata"]
[Black "Kokoszczynski, Jan"]
[WhiteFideId "2000024"]
[BlackFideId "1174460"]
[WhiteElo "2666"]
[BlackElo "2147"]
[Result "1-0"]
[Round "01"]
[TimeControl "180+1"]
[Date "2022.08.23"]
[WhiteClock "0:00:58"]
[BlackClock "0:00:24"]

1. e4 c6 2. d4 d5 3. exd5 cxd5 4. Bd3 Nc6 5. c3 Nf6 6. Bf4 Bg4 7. Qb3 Qd7 8. Nd2 e6 9. Ngf3 Bd6 10. Bg3 O-O 11. O-O Bxg3 12. hxg3 Ne7 13. Ne5 Qc7 14. Rfe1 Bf5 15. Bf1 Rfc8 16. a4 Rab8 17. Qa3 Nc6 18. Nxc6 Qxc6 19. a5 b5 20. axb6 axb6 21. Qb4 Ra8 22. Nf3 Ne4 23. g4 Bg6 24. Ne5 Qc7 25. Ra3 Rxa3 26. Qxa3 Nd6 27. Ra1 Rb8 28. Qa7 Qxa7 29. Rxa7 b5 30. Nc6 Re8 31. b4 Bc2 32. Rd7 Nc4 33. Bxc4 bxc4 34. Ra7 f6 35. b5 e5 36. dxe5 fxe5 37. b6 d4 38. b7 d3 39. Ra8 1-0


[Site "https://www.chess.com"]

[Event "Titled Tuesday Blitz August 23 Late 2022"]
[White "Khater, Sherif"]
[Black "Bok, Benjamin"]
[WhiteFideId "2034280"]
[BlackFideId "1017063"]
[WhiteElo "2529"]
[BlackElo "2658"]
[Result "0-1"]
[Round "01"]
[TimeControl "180+1"]
[Date "2022.08.23"]
[WhiteClock "0:00:13"]
[BlackClock "0:00:08"]

1. b3 e5 2. Bb2 Nc6 3. e3 d5 4. Bb5 Bd6 5. f4 f6 6. fxe5 fxe5 7. Nf3 Ne7 8. Bxe5 Bxe5 9. Nxe5 O-O 10. Bxc6 Nxc6 11. Nf3 Bg4 12. O-O d4 13. e4 Ne5 14. d3 Bxf3 15. gxf3 Rf4 16. Nd2 Qf6 17. Qe2 Rf8 18. Kg2 Ng6 19. Rf2 Rh4 20. Kh1 Nf4 21. Qf1 b5 22. a4 a6 23. axb5 axb5 24. Qe1 Qe5 25. Nf1 Rh6 26. Nd2 Rc6 27. Qd1 Rg6 28. b4 Nh3 29. Rg2 Rxg2 30. Kxg2 Qg5+ 31. Kxh3 Rf6 32. Ra8+ Kf7 33. Ra6 Rxa6 0-1


[Site "https://www.chess.com"]

[Event "Titled Tuesday Blitz August 23 Late 2022"]
[White "Lenderman, Aleksandr"]
[Black "Mathieu, Phileas"]
[WhiteFideId "2021285"]
[BlackFideId "36048410"]
[WhiteElo "2607"]
[BlackElo "2138"]
[Result "1-0"]
[Round "01"]
[TimeControl "180+1"]
[Date "2022.08.23"]
[WhiteClock "0:01:38"]
[BlackClock "0:00:15"]

1. e4 c5 2. d4 cxd4 3. c3 dxc3 4. Nxc3 Nc6 5. Nf3 d6 6. Bc4 a6 7. e5 dxe5 8. Qxd8+ Nxd8 9. Nd5 Ne6 10. Nb6 Rb8 11. Nxe5 Nf6 12. Nxf7 Kxf7 13. Bf4 Ra8 14. O-O g5 15. Bg3 Ne4 16. Nxa8 Nd2 17. Nb6 Nxc4 18. Nxc4 Bg7 19. Be5 Nf4 20. Bxg7 Kxg7 21. Rfe1 Be6 22. Nd2 Kf7 23. Nf3 h6 24. Ne5+ Kf6 25. g3 Nd5 26. Rad1 h5 27. Nf3 h4 28. Nxg5 hxg3 29. Rxe6+ Kxg5 30. Rxd5+ 1-0


[Site "https://www.chess.com"]

[Event "Titled Tuesday Blitz August 23 Late 2022"]
[White "Lorenzo De La Riva, Lazaro"]
[Black "Xiong, Jeffery"]
[WhiteFideId "2268809"]
[BlackFideId "2047640"]
[WhiteElo "2325"]
[BlackElo "2714"]
[Result "0-1"]
[Round "01"]
[TimeControl "180+1"]
[Date "2022.08.23"]
[WhiteClock "0:00:03"]
[BlackClock "0:00:16"]

1. e4 c5 2. Nf3 d6 3. Bb5+ Bd7 4. Bxd7+ Nxd7 5. O-O Ngf6 6. Qe2 Rc8 7. c4 g6 8. Nc3 Bg7 9. d3 O-O 10. h3 a6 11. Rd1 Ne5 12. Nxe5 dxe5 13. Nd5 Nd7 14. Bg5 Re8 15. Rab1 h6 16. Bh4 Nb8 17. f3 g5 18. Bf2 e6 19. Ne3 Nc6 20. Nc2 Bf8 21. a3 a5 22. Be3 Ra8 23. Qd2 f5 24. Bf2 f4 25. Be1 h5 26. Qf2 a4 27. Bc3 Re7 28. Rd2 Rd7 29. Rbd1 Qf6 30. Kf1 Qg6 31. Ke2 g4 32. hxg4 hxg4 33. Qh4 g3 34. Rh1 Bg7 35. Qh5 Kf7 36. Qxg6+ Kxg6 37. Rdd1 Ne7 38. Rh4 Rad8 39. Rg4+ Kf7 40. Rxg7+ Kxg7 41. Bxe5+ Kf7 42. Bxf4 Rg8 43. Rh1 Nc6 44. Rh7+ Ke8 45. Rxd7 Kxd7 46. Be3 Kd6 47. f4 Rh8 48. Ne1 Rh1 49. Kd2 Nd4 50. Bxd4 cxd4 51. Ke2 Kc5 52. Kd2 Rf1 0-1


[Site "https://www.chess.com"]

[Event "Titled Tuesday Blitz August 23 Late 2022"]
[White "Manukyan, Artyom"]
[Black "Howell, David W L"]
[WhiteFideId "13305786"]
[BlackFideId "410608"]
[WhiteElo "2078"]
[BlackElo "2559"]
[Result "0-1"]
[Round "01"]
[TimeControl "180+1"]
[Date "2022.08.23"]
[WhiteClock "0:00:05"]
[BlackClock "0:00:06"]

1. e4 e6 2. d4 d5 3. Bd3 c5 4. exd5 exd5 5. c3 Nc6 6. Nf3 cxd4 7. cxd4 Bd6 8. O-O Nge7 9. Nc3 O-O 10. h3 h6 11. Re1 Re8 12. Be3 Bc7 13. Nb5 Bb8 14. Qd2 Nf5 15. Rad1 Nxe3 16. Rxe3 a6 17. Nc3 Be6 18. Bb1 Bf4 19. Qd3 Bxe3 20. Qh7+ Kf8 21. fxe3 Qf6 22. Rf1 Ke7 23. e4 Rh8 24. e5 Qf4 25. Qd3 h5 26. Ne2 Qh6 27. Qa3+ Ke8 28. h4 Bg4 29. Ng3 Qf4 30. Kh2 Bxf3 31. Rxf3 Qxh4+ 32. Kg1 Qxd4+ 33. Kh2 Qh4+ 34. Kg1 Qd4+ 35. Kh2 Nxe5 36. Re3 g6 37. Ne2 Qh4+ 38. Kg1 Qe1+ 39. Kh2 Qh4+ 40. Kg1 Qe7 41. Qxe7+ Kxe7 42. Rxe5+ Kd6 43. Re3 Rhe8 44. Kf2 Rxe3 45. Kxe3 Re8+ 46. Kd3 h4 47. Bc2 Ke5 48. Nd4 Kf4 49. Ne2+ Kg4 50. Bd1 f5 51. Nd4+ Kg3 52. Bf3 Re4 53. Ne2+ Kf2 54. Nc3 g5 55. Nxd5 Re5 56. Nc3 Re3+ 57. Kd2 Rxf3 58. gxf3 h3 59. Nd1+ Kxf3 60. Ke1 h2 61. Nf2 g4 62. Nh1 Kg2 63. Ke2 f4 64. b4 f3+ 0-1


[Site "https://www.chess.com"]

[Event "Titled Tuesday Blitz August 23 Late 2022"]
[White "Martinez Alcantara, Jose Eduardo"]
[Black "Romero Pallares, Daniel"]
[WhiteFideId "3805662"]
[BlackFideId "32025637"]
[WhiteElo "2703"]
[BlackElo "2114"]
[Result "1-0"]
[Round "01"]
[TimeControl "180+1"]
[Date "2022.08.23"]
[WhiteClock "0:01:27"]
[BlackClock "0:00:04"]

1. e4 g6 2. d4 Bg7 3. c3 d6 4. Bd3 Nf6 5. Nf3 O-O 6. O-O Nc6 7. h3 e5 8. dxe5 Nxe5 9. Nxe5 dxe5 10. Bg5 Qe7 11. Qe2 b6 12. Nd2 Bb7 13. Nc4 Qe6 14. Bxf6 Bxf6 15. Ne3 Bg7 16. Bc4 Qe7 17. Bd5 c6 18. Bb3 a5 19. a4 Ba6 20. Bc4 Bb7 21. Rfd1 Rad8 22. Qc2 Qc5 23. Qb3 Rxd1+ 24. Rxd1 Bh6 25. Bxf7+ Rxf7 26. Rd7 Qf8 27. Rxb7 Bxe3 28. fxe3 Kg7 29. Rxf7+ Qxf7 30. Qxb6 Qc4 31. Qc7+ Kh6 32. Qxe5 Qxa4 33. Kh2 Qc2 34. Qe7 Qf2 35. e5 a4 36. Qf6 Qxe3 37. e6 Qe4 38. e7 1-0


[Site "https://www.chess.com"]

[Event "Titled Tuesday Blitz August 23 Late 2022"]
[White "Melian, Juan Sebastian"]
[Black "Bluebaum, Matthias"]
[WhiteFideId "3706575"]
[BlackFideId "24651516"]
[WhiteElo "1851"]
[BlackElo "2603"]
[Result "0-1"]
[Round "01"]
[TimeControl "180+1"]
[Date "2022.08.23"]
[WhiteClock "0:00:03"]
[BlackClock "0:01:55"]

1. d4 Nf6 2. c4 e6 3. Nc3 Bb4 4. Bg5 h6 5. Bh4 d5 6. e3 O-O 7. cxd5 exd5 8. Bd3 c5 9. a3 Bxc3+ 10. bxc3 Nbd7 11. Ne2 Qa5 12. O-O b6 13. a4 Ba6 14. Bxa6 Qxa6 15. Bg3 Rfe8 16. Nf4 Rac8 17. Nh5 Nxh5 18. Qxh5 Nf6 19. Qf5 Ne4 20. Qxd5 Nxc3 21. Qd7 cxd4 22. exd4 Rcd8 23. Qc6 Ne2+ 24. Kh1 Nxd4 25. Qc3 Ne2 26. Qc6 Rc8 27. Qd5 Qc4 28. Qb7 Nc1 29. Rg1 Nb3 30. Rab1 Qxa4 31. h3 Nc5 32. Qd5 Ne4 33. Rge1 Nc3 34. Qb3 0-1


[Site "https://www.chess.com"]

[Event "Titled Tuesday Blitz August 23 Late 2022"]
[White "Melkumyan, Hrant"]
[Black "Manukyan, Sargis A."]
[WhiteFideId "13302485"]
[BlackFideId "13303970"]
[WhiteElo "2604"]
[BlackElo "2187"]
[Result "1-0"]
[Round "01"]
[TimeControl "180+1"]
[Date "2022.08.23"]
[WhiteClock "0:00:02"]
[BlackClock "0:00:18"]

1. c4 Nf6 2. Nf3 e6 3. Nc3 Be7 4. e4 d6 5. d4 c5 6. d5 e5 7. Be2 O-O 8. O-O Ne8 9. a3 f5 10. exf5 Bxf5 11. b4 b6 12. Be3 Nd7 13. Nd2 Bg5 14. Bg4 Bxe3 15. fxe3 Qg5 16. Bxf5 Rxf5 17. Qe2 Nef6 18. Nde4 Nxe4 19. Nxe4 Rxf1+ 20. Rxf1 Qg6 21. Nc3 Rf8 22. Rxf8+ Kxf8 23. h3 Nf6 24. Kh2 h5 25. Qf3 h4 26. Nb5 Ke7 27. Nxa7 Qd3 28. Nc8+ Kd7 29. Nxb6+ Kc7 30. bxc5 dxc5 31. Na8+ Kb7 32. d6+ e4 33. Qf4 Kxa8 34. Qe5 Qxe3 35. Qe6 Qf4+ 36. Kh1 Kb7 37. Qe7+ Ka6 38. Qc7 Qc1+ 39. Kh2 Qxc4 40. d7 Nxd7 41. Qxd7 Qd4 42. Qc6+ Ka5 43. a4 Kb4 44. Qb5+ Kc3 45. a5 e3 46. a6 c4 47. Qa5+ Kd3 48. a7 e2 49. a8=Q Qf4+ 50. Kh1 Qf1+ 51. Kh2 Qf4+ 52. Kg1 Qe3+ 53. Kh2 Qg3+ 54. Kh1 e1=Q+ 55. Qxe1 Qxe1+ 56. Kh2 Qe5+ 57. Kh1 c3 58. Qf3+ Kd2 59. Qf2+ Kd1 60. Qf3+ Kd2 61. Qf2+ Kc1 62. Qg1+ Kb2 63. Qb6+ Kc2 64. Qf2+ Kd3 65. Qf3+ Qe3 66. Qd5+ Ke2 67. Qc4+ Kd2 68. Qd5+ Qd3 69. Qg5+ Kd1 70. Qg4+ Kc1 71. Qf4+ Qd2 72. Qe5 c2 73. Qa1# 1-0


[Site "https://www.chess.com"]

[Event "Titled Tuesday Blitz August 23 Late 2022"]
[White "Mihajlov, Sebastian"]
[Black "Bacrot, Etienne"]
[WhiteFideId "1512110"]
[BlackFideId "605506"]
[WhiteElo "2464"]
[BlackElo "2673"]
[Result "0-1"]
[Round "01"]
[TimeControl "180+1"]
[Date "2022.08.23"]
[WhiteClock "0:00:11"]
[BlackClock "0:00:29"]

1. e4 c5 2. Nf3 d6 3. d4 cxd4 4. Nxd4 Nf6 5. Nc3 Nc6 6. f3 e6 7. Be3 Be7 8. Qd2 O-O 9. O-O-O Bd7 10. g4 Rc8 11. g5 Nh5 12. Rg1 a6 13. f4 b5 14. Be2 g6 15. Bxh5 gxh5 16. Nce2 Na5 17. b3 Qc7 18. f5 d5 19. g6 fxg6 20. fxg6 h6 21. exd5 e5 22. d6 Bxd6 23. Nxb5 axb5 24. Bxh6 Ba3+ 25. Kb1 Rf6 26. Qd5+ Be6 27. Qd2 Bf5 28. Qc1 0-1


[Site "https://www.chess.com"]

[Event "Titled Tuesday Blitz August 23 Late 2022"]
[White "Mikhalsky, Vladimir"]
[Black "Harvey, Marcus R"]
[WhiteFideId "14144352"]
[BlackFideId "400092"]
[WhiteElo "2301"]
[BlackElo "2485"]
[Result "0-1"]
[Round "01"]
[TimeControl "180+1"]
[Date "2022.08.23"]
[WhiteClock "0:00:01"]
[BlackClock "0:00:04"]

1. d4 Nf6 2. c4 e6 3. g3 Bb4+ 4. Bd2 c5 5. Bg2 O-O 6. Bxb4 cxb4 7. d5 e5 8. d6 Qb6 9. Nf3 Ne4 10. O-O Qxd6 11. Qxd6 Nxd6 12. Nxe5 Nc6 13. c5 Nxe5 14. cxd6 Nc4 15. Rd1 Nxb2 16. Rd4 a5 17. a3 Re8 18. e3 b3 19. Nd2 a4 20. Rb1 Ra7 21. Rxb2 b5 22. Rb1 Bb7 23. Rc1 Bxg2 24. Kxg2 f5 25. Rc7 Ra6 26. Rxd7 Rb6 27. Rc7 Rd8 28. d7 Kf7 29. Nf3 b4 30. Ne5+ Ke6 31. Nc6 Rxd7 32. Rcxd7 Rxc6 33. axb4 b2 34. Rd1 Rc1 35. R7d6+ Kf7 36. Rd7+ Kg6 37. R7d6+ Kh5 38. R1d5 b1=Q 39. g4+ Kxg4 40. h3+ Kh5 41. Rd4 Rg1+ 42. Kf3 Qc2 43. R6d5 Rg5 44. h4 Rg6 45. Rf4 Kh6 46. Rfxf5 Rf6 47. e4 Rxf5+ 48. Rxf5 Qd3+ 49. Kf4 a3 50. f3 Qd2+ 0-1


[Site "https://www.chess.com"]